 Dungeon Crawl Stone Soup version 0.23.0 (webtiles) character file.

Game seed: 15991977392323318645

1929 Flugkiller the Conjurer (level 8, -9/64 HPs)
             Began as a Mummy Wizard on Feb 13, 2019.
             Was an Initiate of Vehumet.
             Mangled by a lich (11 damage)
             ... on level 1 of the Abyss.
             The game lasted 00:13:10 (9577 turns).

Flugkiller the Conjurer (Mummy Wizard)              Turns: 9577, Time: 00:13:10

Health: -9/64      AC:  6    Str: 10    XL:     8   Next: 97%
Magic:  14/14      EV: 14    Int: 19    God:    Vehumet [......]
Gold:   376        SH:  0    Dex: 11    Spells: 6/15 levels left

rFire    x . .     SeeInvis .   h - +1 dagger (drain)
rCold    + . .     Gourm    .   (no shield)
rNeg     + + +     Faith    .   a - +0 robe
rPois    ∞         Spirit   .   b - +0 hat
rElec    .         Reflect  .   (no cloak)
rCorr    .         Harm     .   m - +0 pair of gloves
MR       +....                  c - +2 pair of boots
Stlth    ++........             (no amulet)
HPRegen  0.20/turn              (no ring)
MPRegen  0.14/turn              (no ring)

@: about to teleport
A: no food or potions, fire vulnerability, cold resistance 1, negative energy
resistance 3, torment resistance, unbreathing
a: Renounce Religion


You were on level 1 of the Abyss.
You worshipped Vehumet.
Vehumet was noncommittal.
You were not hungry.

You visited 2 branches of the dungeon, and saw 8 of its levels.
You visited the Abyss 1 time.

You collected 376 gold pieces.

Inventory:

Hand Weapons
 h - a +1 dagger of draining (weapon)
   (You took it off a goblin on level 2 of the Dungeon)
 n - a +0 whip of pain
   (You took it off an orc on level 4 of the Dungeon)
Armour
 a - a +0 robe (worn)
 b - a +0 hat (worn)
 c - a +2 pair of boots (worn)
   (You found it on level 1 of the Dungeon)
 f - the +2 leather armour "Fuzeuc" {Str+10 Int-3 Dex-5}
   (You found it on level 4 of the Dungeon)

   It affects your strength (+10).
   It affects your intelligence (-3).
   It affects your dexterity (-5).
 m - a +0 pair of gloves (worn)
   (You found it on level 4 of the Dungeon)
Jewellery
 d - an uncursed amulet of guardian spirit
   (You found it on level 1 of the Dungeon)
 i - an uncursed ring of ice
   (You found it on level 2 of the Dungeon)
Wands
 j - a wand of flame (21)
   (You took it off Terence on level 2 of the Dungeon)
 q - a wand of acid (8)
   (You found it on level 6 of the Dungeon)
 r - a wand of iceblast (9)
   (You took it off Pikel on level 6 of the Dungeon)
Scrolls
 e - a scroll of teleportation
 g - a scroll of immolation
 k - 3 scrolls of remove curse
 l - 2 scrolls of enchant armour
 p - 3 scrolls of amnesia
 s - a scroll of fear


   Skills:
 + Level 5.9 Fighting
 + Level 5.3 Dodging
 - Level 1.5 Stealth
 - Level 4.0 Spellcasting
 - Level 6.0 Conjurations
 - Level 0.7 Summonings
   Level 0.7 Translocations
 - Level 1.0 Fire Magic
 - Level 1.0 Air Magic
 - Level 1.0 Poison Magic


You had 6 spell levels left.
You knew the following spells:

 Your Spells              Type           Power        Failure   Level  Hunger
a - Magic Dart            Conj           ####         1%          1    N/A
b - Call Imp              Summ           #.......     16%         2    N/A
c - Conjure Flame         Conj/Fire      ###.....     10%         3    N/A
d - Mephitic Cloud        Conj/Pois/Air  ##......     14%         3    N/A

Your spell library contained the following spells:

 Spells                   Type           Power        Failure   Level  Hunger
 Blink                    Tloc           N/A          16%         2    N/A
 Slow                     Hex            #.......     21%         2    N/A

Dungeon Overview and Level Annotations

Branches:
Dungeon (7/15)             Temple (1/1) D:5

Altars:
Cheibriados
Dithmenos
Fedhas
Hepliaklqana
Kikubaaqudgha
Makhleb
Nemelex Xobeh
Okawaru
Qazlal
Sif Muna
Trog
Uskayaw
Vehumet
Wu Jian
Yredelemnul
Zin
The Shining One

Shops:
D:7 %

Annotations:
D:7 Joseph


Innate Abilities, Weirdness & Mutations

You do not eat or drink.
Your flesh is vulnerable to fire.
You are immune to poison.
Your flesh is cold resistant. (rC+)
You are immune to negative energy. (rN+++)
You are immune to unholy pain and torment.
You can survive without breathing.


Message History

s - a scroll of fear Unknown command.
You are suddenly pulled into a different region of the Abyss!
A starcursed mass comes into view.
A starcursed mass splits.
Unknown command.
Found a scroll labeled WYUDETRONEO.
Found 8 needles of sleeping.
You see here 8 needles of sleeping.
A thrashing horror comes into view.
Found 49 gold pieces.
A lurking horror comes into view.
You hit the lurking horror.
The lurking horror explodes!
You feel a surge of unholy energy.
Unknown command.
You now have 376 gold pieces (gained 49).
A raiju comes into view.
You start waiting.
A lich comes into view.
As you read the scroll of teleportation, it crumbles to dust.
You feel strangely unstable.
You feel the power of the Abyss delaying your translocation!
The lich shouts!
You hear a bark! x2
Unknown command.
The lich gestures at you while chanting.
You suddenly lose the ability to move!
The lich touches you! The lich touches you. The lich touches you!
The lich touches you but does no damage.
The lich casts a spell.
The lich seems to speed up.
You can move again.
Unknown command.
The lich conjures a glowing orb.
The wavering orb of destruction weakly hits you!!
Ouch! That really hurt!
* * * LOW HITPOINT WARNING * * *
You hear a bark!
You hit the lich but do no damage.
The lich touches you but does no damage.
The lich touches you.
* * * LOW HITPOINT WARNING * * *
You can't drink.
Unknown command.
You hit the lich.
The lich is lightly damaged.
The lich touches you!
You die...

# # #. #
#..# ##
# #... #
# ## # #
### .. #
.# #.#@#
.## .
##L.# #
. #
##..##
##..#
#.##.#
#. ..#
#.# .
.##...#
###....#
. # ..
.###....
. # # #.
##. . .
#..## .
......


You could see a lich.

Vanquished Creatures
  Pikel (D:6)
  Prince Ribbit (D:7)
  A slave (D:5)
  A phantom (D:4)
  2 sky beasts
  A centaur (D:7)
  2 bullfrogs
  A howler monkey (D:4)
  A jelly (D:6)
  A bullfrog skeleton (D:4)
  A hound (D:5)
  A gnoll shaman (D:7)
  3 orc priests
  5 orc wizards
  Jessica (D:2)
  Terence (D:2)
  2 iguanas
  3 worker ants
  A hound skeleton (D:6)
  6 adders
  8 gnolls
  An ooze (D:4)
  2 adder skeletons
  An adder zombie (D:6)
  A worm (D:5)
  2 leopard geckos (D:3)
  23 orcs
  3 bats (D:3)
  3 giant cockroaches
  5 goblins
  7 hobgoblins
  7 jackals
  2 quokkas
  5 frilled lizards
  A jackal skeleton (D:4)
  5 kobolds
  2 quokka skeletons
  5 rats
  A lurking horror (Abyss:1)
120 creatures vanquished.

Vanquished Creatures (collateral kills)
  A bullfrog skeleton (D:4)
1 creature vanquished.

Vanquished Creatures (others)
  An orc wizard (D:6)
  An orc (D:6)
2 creatures vanquished.

Grand Total: 123 creatures vanquished

Notes
Turn   | Place    | Note
-------+----------+-------------------------------------------
     0 | D:1      | Flugkiller the Mummy Wizard began the quest for the Orb.
     0 | D:1      | Reached XP level 1. HP: 13/13 MP: 5/5
    27 | D:1      | Reached skill level 1 in Conjurations
   544 | D:1      | Reached XP level 2. HP: 19/19 MP: 4/7
   852 | D:1      | Reached skill level 2 in Conjurations
  1749 | D:2      | Reached XP level 3. HP: 24/24 MP: 3/8
  1792 | D:2      | Learned a level 2 spell: Call Imp
  1796 | D:2      | Learned a level 3 spell: Conjure Flame
  1800 | D:2      | Learned a level 3 spell: Mephitic Cloud
  1828 | D:2      | Noticed Jessica
  1832 | D:2      | Killed Jessica
  1948 | D:2      | Reached XP level 4. HP: 30/30 MP: 0/10
  2168 | D:2      | Noticed Terence
  2287 | D:2      | Reached skill level 1 in Air Magic
  2291 | D:2      | Reached skill level 1 in Poison Magic
  2398 | D:2      | Reached skill level 1 in Fire Magic
  2500 | D:2      | Killed Terence
  2500 | D:2      | Reached skill level 3 in Conjurations
  2747 | D:3      | Found a glowing golden altar of the Shining One.
  2874 | D:3      | Reached XP level 5. HP: 35/35 MP: 6/11
  3674 | D:4      | Got a warped leather armour
  3846 | D:4      | Reached skill level 4 in Conjurations
  4189 | D:4      | Identified the +2 leather armour "Fuzeuc" {Str+10 Int-3
                  | Dex-5} (You found it on level 4 of the Dungeon)
  4723 | D:4      | Reached XP level 6. HP: 41/41 MP: 5/12
  4935 | D:4      | Reached skill level 5 in Conjurations
  5165 | D:4      | Found an ornate altar of the Wu Jian Council.
  5586 | D:5      | Entered Level 5 of the Dungeon
  5597 | D:5      | Reached XP level 7. HP: 46/46 MP: 8/13
  5636 | D:5      | Reached skill level 1 in Fighting
  5682 | D:4      | Reached skill level 6 in Conjurations
  6268 | D:5      | Found a staircase to the Ecumenical Temple.
  6278 | Temple   | Entered the Ecumenical Temple
  6360 | Temple   | Became a worshipper of Vehumet
  6454 | D:5      | Found a deep blue altar of Sif Muna.
  6984 | D:6      | Noticed Pikel
  7190 | D:6      | Reached XP level 8. HP: 54/58 MP: 10/14
  7238 | D:6      | Killed Pikel
  7475 | D:6      | Found a hazy altar of Hepliaklqana.
  7511 | D:6      | Reached skill level 5 in Fighting
  7762 | D:7      | Noticed Prince Ribbit
  7796 | D:7      | Killed Prince Ribbit
  7796 | D:7      | Reached skill level 5 in Dodging
  8166 | D:7      | Noticed a brown ugly thing
  8303 | D:7      | Noticed Joseph
  8304 | D:7      | Found Naser's Food Emporium.
  9372 | D:7      | Cast into level 1 of the Abyss (Joseph)
  9454 | Abyss:1  | Noticed a starcursed mass
  9483 | Abyss:1  | Noticed a thrashing horror
  9544 | Abyss:1  | Noticed a raiju
  9566 | Abyss:1  | Noticed a lich
  9568 | Abyss:1  | Paralysed by a lich for 7 turns
  9576 | Abyss:1  | HP: 2/64 [lich (2)]
  9577 | Abyss:1  | Mangled by a lich

Skill      XL: |  1  2  3  4  5  6  7  8 |
---------------+-------------------------+-----
Conjurations   | 1 2 3 4 5 6 |  6.0
Air Magic      | 1 |  1.0
Poison Magic   | 1 |  1.0
Fire Magic     | 1 |  1.0
Fighting       | 3 5 |  5.9
Dodging        | 3 5 |  5.3
Stealth        | |  1.5
Spellcasting   | |  4.0
Summonings     | |  0.7
Translocations | |  0.7

Action                   |  1- 3 |  4- 6 |  7- 9 || total
-------------------------+-------+-------+-------++-------
Melee: Unarmed           |    14 |       |       ||    14
       Dagger            |       |   120 |   158 ||   278
 Cast: Magic Dart        |    65 |   104 |    84 ||   253
       Conjure Flame     |     1 |       |     5 ||     6
       Mephitic Cloud    |       |    14 |    29 ||    43
       Call Imp          |       |     1 |     3 ||     4
Evoke: Wand              |       |       |     1 ||     1
  Use: Scroll            |     2 |     5 |     4 ||    11
 Stab: Confused          |       |     7 |     8 ||    15
       Sleeping          |       |     1 |       ||     1
Armor: Robe              |    24 |    32 |    30 ||    86
Dodge: Dodged            |    29 |    79 |    99 ||   207
